 Dungeon Crawl Stone Soup version 0.22-a0-521-gb1378044ac (webtiles) character file.

37 Oravi the Magician (level 3, 0/19 HPs)
             Began as a Tengu Wizard on June 20, 2018.
             Slain by an adder (4 damage)
             ... on level 2 of the Dungeon.
             The game lasted 00:04:11 (1568 turns).

Oravi the Magician (Tengu Wizard)                   Turns: 1568, Time: 00:04:12

Health: 0/19       AC:  2    Str:  7    XL:     3   Next: 39%
Magic:  0/9        EV: 12    Int: 17    God:
Gold:   15         SH:  0    Dex: 12    Spells: 8/9 levels left

rFire    . . .     SeeInvis .   c - +0 dagger
rCold    . . .     Gourm    .   (no shield)
rNeg     . . .     Faith    .   a - +0 robe
rPois    .         Spirit   .   b - +0 hat
rElec    .         Reflect  .   (no cloak)
rCorr    .         Harm     .   (no gloves)
MR       .....     Rnd*Rage +   (boots unavailable)
Stlth    ++........             (no amulet)
HPRegen  0.06/turn              (no ring)
MPRegen  0.11/turn              (no ring)

@: lethally poisoned (0 -> -8), very slightly contaminated
A: beak, talons 3, berserk 1, blurry vision 1, dopey 1, sturdy frame 1
a: no special abilities


You were on level 2 of the Dungeon.
You were hungry.

You visited 1 branch of the dungeon, and saw 2 of its levels.

You collected 15 gold pieces.

Inventory:

Hand Weapons
 c - a +0 dagger (weapon)
 j - a +0 whip
Missiles
 e - 2 stones (quivered)
 f - 16 poisoned needles
Armour
 a - a +0 robe (worn)
 b - a +0 hat (worn)
Scrolls
 h - a scroll of amnesia {unknown}
 i - 3 scrolls of random uselessness {unknown}
 k - a scroll of identify {unknown}
 l - a scroll of teleportation {unknown}
Potions
 g - a potion of mutation
 m - a potion of brilliance {unknown}
Comestibles
 d - 2 rations


   Skills:
 - Level 2.1 Dodging
 - Level 2.0 Stealth
 + Level 3.6 Spellcasting
 + Level 3.1 Conjurations
   Level 1.2 Summonings
   Level 0.7 Translocations


You had 8 spell levels left.
You knew the following spells:

 Your Spells              Type           Power        Failure   Level  Hunger
a - Magic Dart            Conj           ##..         4%          1    None

Your spell library contained the following spells:

 Spells                   Type           Power        Failure   Level  Hunger
 Conjure Flame            Conj/Fire      #.......     26%         3    ###....
 Slow                     Hex            #.......     26%         2    ##.....
 Mephitic Cloud           Conj/Pois/Air  #.......     32%         3    ###....
 Blink                    Tloc           N/A          19%         2    ##.....
 Call Imp                 Summ           #.......     16%         2    ##.....


Dungeon Overview and Level Annotations

Branches:
Dungeon (2/15)

Altars:


Innate Abilities, Weirdness & Mutations

You have a beak for a mouth.
You have claws for feet.
You tend to lose your temper in combat.
Scrolls take you a little longer to read.
You are dopey. (Int -2)
Your movements are slightly less encumbered by armour. (ER -2)


Message History

Casting: Magic Dart (safe; 4% risk of failure)
Confirm with . or Enter, or press ? or * to list all spells.
You don't have enough magic to cast that spell.
You hit the adder. Your kick misses the adder.
The adder is severely wounded.
The adder bites you but does no damage. The adder misses you.
You barely miss the adder.
The adder is severely wounded.
The adder bites you.
* * * LOW HITPOINT WARNING * * *
You are lethally poisoned!
The adder poisons you!
You are too injured to fight recklessly!
You are too injured to fight recklessly!
It was a potion of mutation.
You feel extremely strange.
You feel stupid.
Your vision blurs.
You feel a little pissed off.
You feel less encumbered by your armour.
* * * LOW HITPOINT WARNING * * *
You feel sick. The adder bites you.
You die...

### #.. #.. #.. ### ..
#.. #. #.#
...###S####### #.#
#......@.....# #.#
##.....#####.####.#
#....#### #..##..######
.........#
##.#......... .....
##.###.....#######
.....##........#.#
...........#####.###
.............###...#
.....##...#....##..####


You could see an adder.

Vanquished Creatures
  An ooze (D:1)
  A dart slug (D:1)
  3 giant cockroaches
  2 hobgoblins (D:1)
  4 jackals (D:1)
  3 kobolds (D:1)
  A ball python (D:1)
  5 bats (D:1)
  A frilled lizard (D:1)
  2 goblins (D:1)
  9 rats
32 creatures vanquished.

Notes
Turn   | Place    | Note
-------+----------+-------------------------------------------
     0 | D:1      | Oravi the Tengu Wizard began the quest for the Orb.
     0 | D:1      | Reached XP level 1. HP: 10/10 MP: 5/5
    79 | D:1      | Reached XP level 2. HP: 2/15 MP: 1/7
   858 | D:1      | Reached XP level 3. HP: 19/19 MP: 6/8
  1568 | D:2      | Gained mutation: You are dopey. (Int -2) [potion of mutation]
  1568 | D:2      | Gained mutation: Scrolls take you a little longer to read. [potion of mutation]
  1568 | D:2      | Gained mutation: You tend to lose your temper in combat. [potion of mutation]
  1568 | D:2      | Gained mutation: Your movements are slightly less encumbered by armour. (ER -2) [potion of mutation]
  1568 | D:2      | Slain by an adder

Vault maps used:
D:1:      dpeg_arrival_long_road
D:2:      lemuel_doored_altar

Skill      XL: |  1  2  3 |
---------------+----------+-----
Conjurations   | 2 3 |  3.1
Dodging        | |  2.1
Stealth        | |  2.0
Spellcasting   | |  3.6
Summonings     | |  1.2
Translocations | |  0.7

Action                   || total
-------------------------++-------
Melee: Unarmed           ||     8
       Peck              ||     3
       Kick              ||     1
       Dagger            ||     4
 Cast: Magic Dart        ||    76
  Use: Potion            ||     1
  Eat: Chunk             ||     1
Armor: Robe              ||     8
Dodge: Dodged            ||    21

Table legend:
 A = Spawn XP
 B = Non-spawn XP
 C = Spawn XP percentage of total XP
 D = Spawn monster count
 E = Non-spawn monster count
 F = Spawn count percentage of total count
 G = Total turns spent on level
                    A         B        C        D         E        F      G
               +---------+---------+-------+---------+---------+-------+---------
         Total |       0 |      53 |   0.0 |       0 |      32 |   0.0 |  1568
               +---------+---------+-------+---------+---------+-------+---------
           D:1 |       0 |      49 |   0.0 |       0 |      29 |   0.0 |  1492
           D:2 |       0 |       4 |   0.0 |       0 |       3 |   0.0 |    76
               +---------+---------+-------+---------+---------+-------+---------
